 Dungeon Crawl Stone Soup version 0.28-a0-861-ge64d6db94f (webtiles) character file.

Game seed: 17559893760212682541

4160 frimble the Placeless Troll (level 10, -3/102 HPs)
             Began as a Troll Warper on Nov 16, 2021.
             Was a Follower of Cheibriados.
             Slain by an orc warrior (12 damage)
             ... on level 9 of the Dungeon.
             The game lasted 00:11:58 (7469 turns).

frimble the Placeless Troll (Troll Warper)          Turns: 7469, Time: 00:11:58

Health: -3/102     AC:  7    Str: 29    XL:     10   Next: 7%
Magic:  5/9        EV: 10    Int: 14    God:    Cheibriados [*.....]
Gold:   273        SH:  0    Dex: 11    Spells: 9/11 levels left

rFire   . . .      SeeInvis +     - Unarmed
rCold   . . .      Faith    .   (no shield)
rNeg    . . .      Spirit   .   z - +0 steam dragon scales
rPois   .          Reflect  .   (helmet restricted)
rElec   .          Harm     .   x - scarf {+Inv}
rCorr   .          Rampage  .   (gloves unavailable)
Will    .....                   (boots unavailable)
Stlth   +.........              (no amulet)
HPRegen 1.27/turn               o - +6 ring of strength
MPRegen 0.11/turn               v - ring of see invisible

@: on blink cooldown, studying Staves, very slow
A: large, unfitting armour, claws 3, regeneration 1, shaggy fur 1, tough skin 1,
low mp 1
a: Renounce Religion, Evoke Invisibility, Bend Time


You were on level 9 of the Dungeon.
You worshipped Cheibriados.
Cheibriados was aware of your devotion.
You visited 2 branches of the dungeon, and saw 10 of its levels.
You also visited: Sewer.

You collected 429 gold pieces.
You spent 156 gold pieces at shops.

Inventory:

Missiles
 b - 2 boomerangs
 c - 5 boomerangs of dispersal (quivered)
 g - 7 large rocks
Armour
 a - a +1 robe
 x - a scarf of invisibility (worn)
 y - a +0 cloak
 z - +0 steam dragon scales (worn)
 A - a +0 kite shield
Jewellery
 l - a ring of fire
 m - a ring of fire
 o - a +6 ring of strength (left claw)
 u - a ring of willpower
 v - a ring of see invisible (right claw)
Wands
 r - a wand of iceblast (24)
 w - a wand of digging (3)
Scrolls
 e - 3 scrolls of magic mapping
 i - 4 scrolls of teleportation
 t - 4 scrolls of enchant weapon
Potions
 d - 2 potions of brilliance
 f - a potion of haste
 h - 5 potions of flight
 k - 3 potions of heal wounds {unknown}
 n - 3 potions of degeneration {unknown}
 p - 2 potions of berserk rage {unknown}
 q - a potion of attraction {unknown}
 s - a potion of magic {unknown}


   Skills:
 - Level 7.0 Fighting
 - Level 0.9 Throwing
 + Level 2.4 Dodging
 - Level 6.4 Unarmed Combat
 - Level 1.2 Spellcasting
 - Level 8.2 Translocations
 + Level 1.0 Evocations


You had 9 spell levels left.
You knew the following spells:

 Your Spells              Type           Power      Damage    Failure   Level
a - Blink                 Tloc           46%        N/A       1%          2

Your spell library contained the following spells:

 Spells                   Type           Power      Damage    Failure   Level
 Gell's Gravitas          Tloc           23%        N/A       2%          3
 Lesser Beckoning         Tloc           23%        N/A       2%          3
 Teleport Other           Tloc           23%        N/A       2%          3
 Passage of Golubria      Tloc           23%        N/A       9%          4
 Manifold Assault         Tloc           23%        N/A       24%         5
 Animate Skeleton         Necr           0%         N/A       26%         1
 Magic Dart               Conj           0%         1d3       26%         1
 Ensorcelled Hibernation  Hex/Ice        0%         N/A       36%         2
 Searing Ray              Conj           0%         2d4       36%         2
 Sublimation of Blood     Necr           0%         N/A       36%         2
 Wereblood                Tmut           0%         N/A       36%         2
 Spider Form              Tmut/Pois      0%         N/A       61%         3
 Fulminant Prism          Conj/Hex       0%         3d6       95%         4
 Sticky Flame             Conj/Fire      0%         2d3       95%         4
 Borgnjor's Vile Clutch   Necr/Erth      0%         N/A       100%        5
 Fireball                 Conj/Fire      0%         3d3       100%        5
 Silence                  Hex/Air        0%         N/A       100%        5
 Starburst                Conj/Fire      0%         6d3       100%        6
 Summon Hydra             Summ           0%         N/A       100%        7
 Ignition                 Fire           0%         3d3       100%        8
 Lehudib's Crystal Spear  Conj/Erth      0%         10d2      100%        8
 Shatter                  Erth           0%         3d5*      100%        9


Dungeon Overview and Level Annotations

Branches:
Dungeon (9/15)             Temple (1/1) D:7           Sewer (visited)
   Lair: D:8-11         Orc: D:9-12

Altars:
Ashenzari
Cheibriados
Dithmenos
Elyvilon
Fedhas
Gozag
Hepliaklqana
Kikubaaqudgha
Makhleb
Nemelex Xobeh
Okawaru
Ru
Sif Muna
Trog
Uskayaw
Vehumet
Xom
Yredelemnul
Zin
The Shining One

Shops:
D:4 *   D:5 **

Annotations:
D:7 2 runed translucent doors
D:8 3 runed translucent doors, RatsInWall's ghost, novice DsMo


Innate Abilities, Weirdness & Mutations

You are too large for most types of armour.
You have claws for hands.
Your natural rate of healing is unusually fast.
You are covered in fur. (AC +1)
You have tough skin. (AC +1)
Your magical capacity is low. (-10% MP)


Message History

Confirm with . or Enter, or press ? or * to list all spells.
You blink.
Found a glass wand.
An orc warrior comes into view. It is wielding a +3 flail.
Aiming: Dig
Press: ? - help, Shift-Dir - straight line, f - you Please select a direction to dig.
Okay, then.
Aiming: Iceblast
Press: ? - help, Shift-Dir - straight line, f - two-headed ogre
Aim: a two-headed ogre, wielding two +0 giant clubs (moderately wounded)
The mass of ice explodes!
The iceblast engulfs the two-headed ogre.
The two-headed ogre is heavily wounded.
Aiming: Iceblast
Press: ? - help, Shift-Dir - straight line, f/p - two-headed ogre
Aim: a two-headed ogre, wielding two +0 giant clubs (heavily wounded)
The mass of ice explodes!
The iceblast engulfs the two-headed ogre.
The two-headed ogre is heavily wounded.
You hear a shout!
You hear a loud, deep croak!
An orc wizard comes into view. It is wielding a +0 dagger.
Casting: Blink (safe; 1% risk of failure)
Confirm with . or Enter, or press ? or * to list all spells.
You are still too unstable to blink.
You feel stable enough to blink again.
The orc wizard shouts!
You hear a shout!
The orc wizard points at you and mumbles some strange words.
You are confused.
You feel better.
An orc priest comes into view. It is wielding a +0 dagger.
The two-headed ogre hits you with a +0 giant club!! x2
* * * LOW HITPOINT WARNING * * *
The orc wizard gestures at you while chanting.
The puff of flame hits you.
* * * LOW HITPOINT WARNING * * *
Casting: Blink (safe; 1% risk of failure)
Confirm with . or Enter, or press ? or * to list all spells.
You blink.
The orc warrior hits you with a +3 flail!
You die...

#...... .......
.#............o
.....#.........
.............#
#.##.#...........
..g...........o#######.
g..............@.......
............O..##......
..........ยง..# .....
....$......# ....
.#.[........... ...
##))#####..##.. ..
#))## #...# .
#.#######..../ #.##....
.....


You could see a two-headed ogre and an orc warrior.

Vanquished Creatures
  3 yaks (D:7)
  2 wyverns
  A steam dragon (D:8)
  2 acid dragons
  2 water moccasins
  3 ice beasts
  An orc warrior (D:7)
  A sky beast (D:7)
  2 black bears
  A centaur (D:8)
  3 phantoms
  A kobold brigand (D:6)
  A bullfrog (D:8)
  A gnoll sergeant (D:9)
  4 scorpions
  A howler monkey (D:4)
  4 crimson imps (D:7)
  A centaur zombie (D:8)
  A bullfrog skeleton (D:6)
  5 hounds
  A centaur skeleton (D:4)
  7 orc priests
  A gnoll shaman (D:5)
  An iguana (D:6)
  A scorpion zombie (D:5)
  10 orc wizards
  Natasha (thrice) (D:4)
  A merfolk siren (Sewer)
  A merfolk avatar (Sewer)
  A howler monkey skeleton (D:7)
  15 adders
  8 gnolls
  A river rat (Sewer)
  A shadow imp (D:7)
  4 white imps
  2 worms
  4 dart slugs
  23 orcs
  7 endoplasms
  7 giant cockroaches
  9 hobgoblins
  3 jackals (D:2)
  13 kobolds
  2 quokkas
  20 ball pythons
  5 bats
  9 frilled lizards
  6 goblins
  4 hobgoblin zombies (D:3)
  2 kobold skeletons (D:3)
  An orc skeleton (D:3)
  26 rats
239 creatures vanquished.

Vanquished Creatures (others)
  3 fungi (D:8)
  A plant (D:8)
4 creatures vanquished.

Grand Total: 243 creatures vanquished

Notes
Turn   | Place    | Note
-------+----------+-------------------------------------------
     0 | D:1      | frimble the Troll Warper began the quest for the Orb.
     0 | D:1      | Reached XP level 1. HP: 19/19 MP: 1/1
   105 | D:1      | Reached XP level 2. HP: 27/27 MP: 2/2
   718 | D:2      | Reached XP level 3. HP: 33/33 MP: 3/3
  1222 | D:3      | Reached XP level 4. HP: 41/41 MP: 4/4
  1514 | D:3      | Reached skill level 5 in Unarmed Combat
  1546 | D:3      | Found a glowing golden altar of the Shining One.
  1573 | D:3      | Found a glowing golden altar of the Shining One.
  1607 | D:3      | Reached XP level 5. HP: 47/48 MP: 5/5
  1910 | D:4      | Found a glowing drain.
  1920 | Sewer    | Entered a sewer
  2326 | D:4      | Found Fiafamon's Assorted Antiques.
  2339 | D:4      | Noticed Natasha
  2343 | D:4      | Killed Natasha
  2344 | D:4      | Reached XP level 6. HP: 44/55 MP: 6/6
  2513 | D:4      | Reached XP level 7. HP: 68/68 MP: 7/7
  2553 | D:4      | Noticed Natasha
  2559 | D:4      | Killed Natasha
  2767 | D:4      | Found a shadowy altar of Dithmenos.
  2891 | D:4      | Bought a notched bone ring for 130 gold pieces
  2891 | D:4      | Bought a scroll labelled VERISE ZOSSY for 26 gold pieces
  2989 | D:4      | Noticed Natasha
  2993 | D:4      | Killed Natasha
  3095 | D:5      | Entered Level 5 of the Dungeon
  3113 | D:5      | Found an opulent altar of Gozag.
  3157 | D:5      | Found Zin's Purification Station.
  3169 | D:5      | Learned a level 2 spell: Blink
  3171 | D:5      | Found a glowing silver altar of Zin.
  3235 | D:5      | Found a white marble altar of Elyvilon.
  3387 | D:5      | Found Joiwor's Elemental Accessories.
  3490 | D:5      | Found a sacrificial altar of Ru.
  3523 | D:5      | Reached skill level 5 in Fighting
  3807 | D:6      | Reached XP level 8. HP: 75/83 MP: 8/8
  4003 | D:6      | Got Yraotza's Guide on Igneous Earth
  4115 | D:6      | Gained mutation: Your magical capacity is low. (-10% MP)
                  | [potion of mutation]
  4188 | D:6      | Reached skill level 3 in Translocations
  4482 | D:6      | Found a blossoming altar of Fedhas.
  4541 | D:6      | Reached skill level 4 in Translocations
  4850 | D:7      | Found a shimmering altar of Xom.
  4896 | D:7      | Reached skill level 5 in Translocations
  4896 | D:7      | Reached XP level 9. HP: 76/93 MP: 8/8
  5102 | D:7      | Found a radiant altar of Vehumet.
  5102 | D:7      | Found an ancient bone altar of Kikubaaqudgha.
  5104 | D:7      | Found a shimmering blue altar of Sif Muna.
  5111 | D:7      | Got Kikubaaqudgha's Collected Works on Dark Rites
  5147 | D:7      | Found a large runed translucent door.
  5147 | D:7      | Found a large runed translucent door.
  5238 | D:7      | Found a staircase to the Ecumenical Temple.
  5403 | D:7      | Reached skill level 6 in Translocations
  5685 | Temple   | Entered the Ecumenical Temple
  5810 | Temple   | Became a worshipper of Cheibriados the Contemplative
  6117 | D:7      | Reached skill level 7 in Translocations
  6579 | D:8      | Reached * piety under Cheibriados
  6656 | D:8      | Found a runed translucent gate.
  6656 | D:8      | Found a runed translucent gate.
  6656 | D:8      | Found a runed translucent gate.
  6659 | D:8      | Noticed RatsInWall's ghost (novice DsMo)
  6660 | D:8      | Noticed a kobold demonologist
  6693 | D:8      | Reached skill level 8 in Translocations
  7350 | D:9      | Reached XP level 10. HP: 84/102 MP: 9/9
  7447 | D:9      | Reached skill level 1 in Evocations
  7458 | D:9      | Noticed a two-headed ogre
  7469 | D:9      | Slain by an orc warrior

Illustrated notes

Levels and vault maps discovered:
D:1:      amcnicky_arrival_choice, layout_rooms
D:2:      layout_rooms, minmay_door_square
D:3:      minmay_wonky_spiral, layout_rooms, nicolae_tso_besieged_by_evil,
          hangedman_decor_clover_reticule, amcnicky_mini_corridor_feature,
          kennysheep_flooded_box
D:4:      layout_loops_ring, mainiacjoe_overflow_surrounded_room,
          cheibrodos_sewer_entry_drain, serial_shops,
          nicolae_inconvenience_store, uniq_natasha
D:5:      layout_gridville, nicolae_ru_path_of_blood, zin_purify,
          chequers_temple_overflow_statue_of_worship, nicolae_elemental_shop
D:6:      corexii_shack_village, layout_basic, fedhas_altar_4
D:7:      layout_rooms, grunt_temple_overflow_magic_moments, led_xom_imps,
          jmf_multi_god_temple2, minmay_temple_entry_mist
D:8:      layout_loops_corners, gammafunk_ghost_nasty_kobolds
D:9:      layout_rooms, orc_david_3
Temple:   nicolae_temple_figure_zero

Skill      XL: |  1  2  3  4  5  6  7  8  9 10 |
---------------+-------------------------------+-----
Unarmed Combat | 3 4 5 6 |  6.4
Fighting       | 3 6 7 |  7.0
Translocations | 5 8 |  8.2
Dodging        | 2 |  2.4
Evocations     | 1 |  1.0
Throwing       | |  0.9
Spellcasting   | |  1.2

Action                   |  1- 3 |  4- 6 |  7- 9 | 10-12 || total
-------------------------+-------+-------+-------+-------++-------
Melee: Unarmed           |   127 |   210 |   350 |    28 ||   715
       Punch             |     2 |     2 |    12 |       ||    16
 Cast: Blink             |       |       |    10 |     2 ||    12
Evoke: Wand              |       |       |     4 |     3 ||     7
  Use: Scroll            |     1 |     4 |     7 |       ||    12
       Potion            |       |       |     4 |     1 ||     5
 Stab: Sleeping          |     1 |     1 |     1 |       ||     3
Armor: Robe              |    62 |    45 |    86 |       ||   193
       Steam dragon scal |       |       |     2 |     9 ||    11
       Skin              |       |       |     1 |       ||     1
Dodge: Dodged            |    45 |    92 |   167 |    14 ||   318

Table legend: (Time is in decaauts)
 A = Elapsed time spent in this place.
 B = Non-inter-level travel time spent in this place.
 C = Inter-level travel time spent in this place.
 D = Time resting spent in this place.
 E = Time spent auto-exploring this place.
 F = Levels seen in this place.
 G = Mean time per level.
                   A        B        C        D        E       F      G
               +--------+--------+--------+--------+--------+-----+--------+
         Total |   7854 |   7473 |    381 |     86 |   5645 |  11 |  714.0 |
       Dungeon |   7284 |   6931 |    353 |     86 |   5346 |   9 |  809.3 |
        Temple |    141 |    114 |     27 |      0 |    113 |   1 |  141.0 |
         Sewer |    427 |    427 |      0 |      0 |    186 |   1 |  427.0 |
               +--------+--------+--------+--------+--------+-----+--------+

Top non-repeatable levels by time:
     D:8: 1617 daAuts
     D:7: 1179 daAuts
     D:6: 890 daAuts
     D:4: 848 daAuts
     D:5: 795 daAuts
     D:3: 679 daAuts
     D:1: 586 daAuts
     D:2: 583 daAuts
   Sewer: 427 daAuts
  Temple: 141 daAuts
     D:9: 104 daAuts
